Map: [ESL] Oceanborn

Players

HeroMarine - Winner!

  • Race: Terran Terran
  • League: Grandmaster
  • Spawn Location: 5:00

ShoWTimE

  • Race: Protoss Protoss
  • League: Master
  • Spawn Location: 11:00

Event: HomeStory Cup XXV

VOD

Have the link to the VOD?

Description

Time

  • Played on: June 23, 2024, 2:57 p.m.
  • Length: 8:27

All games in this series

Show
View Real Time Build Order
Export as new Build Order

HeroMarine Terran - Winner!

Build Orders:  

Get SALT Encoding   

  12  0:00  SCV  
  13  0:12  SCV  
  14  0:16  Supply Depot  
  14  0:24  SCV  
  15  0:38  SCV  
  15  0:39  Barracks  
  15  0:42  Refinery  
  16  0:50  SCV  
  16  0:52  Refinery  
  17  1:02  SCV  
  18  1:14  SCV  
  19  1:26  Orbital Command, Reaper  
  20  1:42  Factory  
  20  1:44  Supply Depot  
  20  1:52  SCV  
  21  1:58  Barracks Reactor  
  21  2:04  SCV  
  22  2:14  Command Center  
  22  2:18  SCV  
  25  2:30  SCV  
  25  2:35  Widow Mine  
  26  2:37  Starport  
  26  2:40  Marine  
  26  2:41  Marine  
  26  2:42  SCV  
  28  2:47  Supply Depot  
  28  2:54  SCV  
  28  2:57  Widow Mine  
  31  3:08  SCV, Marine x2  
  34  3:14  Medivac  
  34  3:19  Factory Tech Lab  
  35  3:20  SCV  
  35  3:26  Marine x2  
  38  3:33  SCV  
  38  3:40  Siege Tank  
  39  3:44  Marine x2  
  39  3:45  SCV  
  42  3:49  Orbital Command  
  42  3:50  Starport Tech Lab  
  42  3:57  SCV  
  42  4:02  Marine x2  
  45  4:09  SCV  
  46  4:10  Cloaking Field, Banshee  
  49  4:18  SCV  
  49  4:19  Marine x2  
  49  4:21  SCV  
  53  4:30  SCV  
  52  4:33  Supply Depot, SCV  
  52  4:36  Supply Depot  
  53  4:40  Marine  
  53  4:44  Barracks  
  54  4:53  SCV x2  
  54  4:54  Siege Tank, Marine, Banshee  
  54  4:58  Marine  
  62  5:00  Barracks  
  62  5:05  SCV x2  
  64  5:11  Supply Depot, Engineering Bay, Refinery  
  64  5:12  Marine  
  65  5:16  Marine  
  65  5:17  SCV x2  
  66  5:29  Siege Tank, SCV  
  66  5:35  SCV, Marine x2  
  73  5:36  Supply Depot  
  73  5:41  SCV  
  73  5:42  Terran Infantry Weapons Level 1  
  74  5:44  Starport Reactor  
  74  5:47  SCV  
  74  5:48  Marine  
  77  5:52  Marine  
  77  5:54  SCV, Stimpack  
  78  5:59  SCV  
  78  6:01  Supply Depot, Refinery  
  74  6:06  SCV  
  75  6:11  SCV  
  75  6:14  Marine x3  
  79  6:18  SCV  
  79  6:21  Marauder  
  79  6:22  Factory Reactor  
  79  6:23  SCV  
  79  6:24  Medivac x2  
  87  6:30  SCV  
  88  6:34  Marine, Marauder  
  88  6:38  Supply Depot  
  92  6:42  Marauder  
  92  6:46  Supply Depot  
  90  6:51  Combat Shield, Marine  
  90  6:52  Marine  
  92  6:55  Marauder  
  94  7:04  Marauder, Medivac  
  94  7:06  Medivac  
  100  7:10  Supply Depot, Marine x2, Widow Mine  
  100  7:14  Widow Mine  
  106  7:16  Supply Depot, Marauder  
  106  7:20  Command Center  
  108  7:25  Marauder  
  110  7:32  Marine x2  
  110  7:35  Supply Depot  
  110  7:36  Concussive Shells  
  112  7:41  Barracks  
  112  7:42  Barracks  
  104  7:52  Marauder x2  
  104  7:53  Marine x2  
  104  7:57  Widow Mine x2, Medivac x2  
  118  7:59  SCV x2  
  120  8:11  SCV  
  120  8:12  SCV  
Show
View Real Time Build Order
Export as new Build Order

ShoWTimE Protoss 

Build Orders: 1 Gate Expand, Blink Stalkers 

Get SALT Encoding   

  12  0:00  Probe  
  13  0:12  Probe  
  14  0:17  Pylon  
  14  0:24  Probe (Chrono Boost)  
  15  0:36  Gateway, Probe (Chrono Boost)  
  16  0:44  Probe (Chrono Boost)  
  16  0:45  Assimilator  
  17  0:50  Probe  
  18  1:03  Probe  
  19  1:15  Probe  
  20  1:22  Cybernetics Core  
  20  1:32  Nexus  
  20  1:34  Probe  
  21  1:41  Pylon  
  21  1:46  Probe  
  22  1:50  Assimilator  
  22  1:56  Adept (Chrono Boost)  
  22  1:58  Probe  
  22  2:01  Warp Gate  
  25  2:10  Probe  
  26  2:16  Adept (Chrono Boost)  
  28  2:22  Probe  
  28  2:29  Twilight Council  
  29  2:35  Probe  
  30  2:43  Stalker  
  32  2:45  Probe (Chrono Boost)  
  34  2:52  Probe (Chrono Boost)  
  34  2:55  Gateway  
  34  2:56  Probe (Chrono Boost)  
  35  3:00  Probe (Chrono Boost)  
  35  3:01  Probe (Chrono Boost)  
  35  3:02  Blink (Chrono Boost)  
  37  3:11  Probe x2  
  39  3:23  Probe x2  
  41  3:27  Robotics Facility  
  41  3:30  Pylon  
  41  3:35  Probe x2  
  41  3:43  Gateway  
  41  3:47  Probe  
  41  3:48  Probe  
  43  3:49  Stalker x2  
  47  3:59  Probe  
  47  4:00  Pylon, Probe  
  49  4:10  Nexus  
  49  4:15  Stalker  
  51  4:17  Stalker  
  51  4:19  Probe  
  54  4:25  Probe  
  54  4:34  Observer  
  55  4:42  Assimilator  
  55  4:43  Probe  
  55  4:44  Assimilator  
  55  4:45  Pylon  
  56  4:49  Probe  
  57  4:53  Stalker x2  
  57  4:55  Probe  
  62  5:00  Pylon  
  62  5:03  Probe  
  63  5:07  Pylon  
  63  5:08  Probe  
  64  5:15  Probe  
  64  5:17  Robotics Bay  
  64  5:20  Probe  
  66  5:24  Probe  
  67  5:29  Stalker  
  67  5:30  Stalker x2  
  67  5:34  Probe  
  73  5:36  Probe  
  73  5:39  Charge, Forge  
  73  5:40  Gateway  
  74  5:47  Observer (Chrono Boost)  
  74  5:52  Probe  
  74  5:53  Stalker  
  77  5:58  Probe  
  77  6:00  Probe  
  77  6:07  Probe  
  78  6:12  Shield Battery  
  78  6:15  Colossus (Chrono Boost)  
  77  6:21  Shield Battery  
  81  6:26  Probe  
  81  6:29  Probe  
  81  6:32  Probe  
  81  6:33  Observer, Photon Cannon  
  81  6:38  Probe  
  78  6:41  Probe  
  78  6:42  Zealot x4  
  78  6:44  Probe  
  88  6:47  Pylon  
  88  6:54  Probe  
  88  6:55  Probe  
  88  6:56  Probe  
  91  7:01  Colossus (Chrono Boost)  
  91  7:04  Pylon  
  91  7:07  Sentry  
  99  7:13  Probe x2  
  101  7:22  Probe, Pylon  
  102  7:24  Pylon  
  102  7:25  Probe  
  102  7:26  Pylon  
  102  7:30  Zealot x3  
  108  7:40  Pylon  
  106  7:50  Zealot x4  
  104  8:10  Zealot x4  
Tags
 
Add a new tag
Caveats
  • Supply blocks, unpowered buildings, or Contaminate may cause inaccurate times.
  • Supply counts are checked every 10 seconds.